TOP OF THE 1ST |
---|
Athens Assassins batting - Pitching for Nashua Redlegs : RHP Raúl Vallejo | Pitching: RHP Raúl Vallejo | | Batting: RHB Júlio Castillo | 0-0: Ball 1-0: Fly out, F8 (Flyball, 8LD) | Batting: RHB Millard Long | 0-0: Called Strike 0-1: Ball 1-1: Ball 2-1: Swinging Strike 2-2: Ball 3-2: Strikes out swinging | Batting: RHB John Jones | 0-0: Ground out 4-3 (Groundball, 4) | Top of the 1st over - 0 runs, 0 hits, 0 errors, 0 left on base; Athens 0 - Nashua 0 | BOTTOM OF THE 1ST |
---|
Nashua Redlegs batting - Pitching for Athens Assassins : RHP Rafael Reyes | Pitching: RHP Rafael Reyes | | Batting: RHB José Luján | 0-0: Fly out, F6 (Line Drive, 6M) | Batting: RHB Spencer Pritchett | 0-0: Called Strike 0-1: Called Strike 0-2: Strikes out swinging | Batting: RHB Manuel Pérez | 0-0: Foul Ball, location: 2F 0-1: Ground out 6-3 (Groundball, 6) | Bottom of the 1st over - 0 runs, 0 hits, 0 errors, 0 left on base; Athens 0 - Nashua 0 | TOP OF THE 2ND |
---|
Athens Assassins batting - Pitching for Nashua Redlegs : RHP Raúl Vallejo | Batting: RHB Foster Hapgood | 0-0: Called Strike 0-1: Swinging Strike 0-2: Ball 1-2: Ball 2-2: Strikes out swinging | Batting: LHB Roy Woods | 0-0: Foul Ball, location: 2F 0-1: Swinging Strike 0-2: Foul Ball, location: 2F 0-2: Ball 1-2: Ball 2-2: Foul Ball, location: 2F 2-2: Strikes out swinging | Batting: RHB Maximino Abbado | 0-0: Called Strike 0-1: Foul Ball, location: 2F 0-2: Ball 1-2: Ball 2-2: Foul Ball, location: 2F 2-2: Strikes out swinging | Top of the 2nd over - 0 runs, 0 hits, 0 errors, 0 left on base; Athens 0 - Nashua 0 | BOTTOM OF THE 2ND |
---|
Nashua Redlegs batting - Pitching for Athens Assassins : RHP Rafael Reyes | Batting: SHB José Vélez | 0-0: Ball 1-0: Fly out, F8 (Flyball, 8RD) | Batting: RHB Bob Fitzgerald | 0-0: Ball 1-0: Foul Ball, location: 2F 1-1: Foul Ball, location: 2F 1-2: Strikes out swinging | Batting: RHB Ian Howard | 0-0: Called Strike 0-1: Foul Ball, location: 2F 0-2: Strikes out swinging | Bottom of the 2nd over - 0 runs, 0 hits, 0 errors, 0 left on base; Athens 0 - Nashua 0 | TOP OF THE 3RD |
---|
Athens Assassins batting - Pitching for Nashua Redlegs : RHP Raúl Vallejo | Batting: RHB Don Martin | 0-0: Called Strike 0-1: Ball 1-1: Ball 2-1: Ball 3-1: Base on Balls | Batting: RHB Alfonso Flores | 0-0: Swinging Strike 0-1: Swinging Strike 0-2: Ball 1-2: Strikes out looking | Batting: RHB Manny Olhoa | 0-0: Ball 1-0: Grounds into double play, 1-6-3 (Groundball, 13) | Top of the 3rd over - 0 runs, 0 hits, 0 errors, 0 left on base; Athens 0 - Nashua 0 | BOTTOM OF THE 3RD |
---|
Nashua Redlegs batting - Pitching for Athens Assassins : RHP Rafael Reyes | Batting: RHB John Newman | 0-0: Ball 1-0: Ball 2-0: Called Strike 2-1: Ball 3-1: Ground out 1-3 (Groundball, 13) | Batting: RHB Jorge Valenzuela | 0-0: Swinging Strike 0-1: Ball 1-1: Called Strike 1-2: Foul Ball, location: 2F 1-2: Strikes out swinging | Batting: RHB António López | 0-0: Called Strike 0-1: Ground out 5-3 (Groundball, 56S) | Bottom of the 3rd over - 0 runs, 0 hits, 0 errors, 0 left on base; Athens 0 - Nashua 0 | TOP OF THE 4TH |
---|
Athens Assassins batting - Pitching for Nashua Redlegs : RHP Raúl Vallejo | Batting: RHB Júlio Castillo | 0-0: SINGLE (Flyball, 78S) | Batting: RHB Millard Long | 0-0: Ball 1-0: Ball 2-0: Ball 3-0: Called Strike 3-1: Foul Ball, location: 2F 3-2: Strikes out swinging | Batting: RHB John Jones | 0-0: Ball 1-0: Called Strike 1-1: Foul Ball, location: 2F 1-2: Fly out, F4 (Popup, 34) | Batting: RHB Foster Hapgood | 0-0: Called Strike 0-1: Fly out, F9 (Line Drive, 89D) | Top of the 4th over - 0 runs, 1 hit, 0 errors, 1 left on base; Athens 0 - Nashua 0 | BOTTOM OF THE 4TH |
---|
Nashua Redlegs batting - Pitching for Athens Assassins : RHP Rafael Reyes | Batting: RHB José Luján | 0-0: Foul Ball, location: 2F 0-1: Ball 1-1: Called Strike 1-2: Ball 2-2: Strikes out swinging | Batting: RHB Spencer Pritchett | 0-0: Ball 1-0: SINGLE (Groundball, 56D) | Batting: RHB Manuel Pérez | 0-0: Ball 1-0: Called Strike 1-1: SINGLE (Line Drive, 7S) Spencer Pritchett to second | Batting: SHB José Vélez | 0-0: Fly out, F7 (Flyball, 7LSF) | Batting: RHB Bob Fitzgerald | 0-0: Called Strike 0-1: Ball 1-1: Foul Ball, location: 2F 1-2: Foul Ball, location: 2F 1-2: Fly out, F8 (Flyball, 8RD) | Bottom of the 4th over - 0 runs, 2 hits, 0 errors, 2 left on base; Athens 0 - Nashua 0 | TOP OF THE 5TH |
---|
Athens Assassins batting - Pitching for Nashua Redlegs : RHP Raúl Vallejo | Batting: LHB Roy Woods | 0-0: Ball 1-0: Foul Ball, location: 2F 1-1: Fly out, F8 (Flyball, 8RD) | Batting: RHB Maximino Abbado | 0-0: Foul Ball, location: 2F 0-1: Ball 1-1: SINGLE (Line Drive, 89S) | Batting: RHB Don Martin | 0-0: Foul Ball, location: 2F 0-1: Ball 1-1: Fly out, F9 (Flyball, 89M) | Batting: RHB Alfonso Flores | 0-0: Swinging Strike 0-1: Called Strike Maximino Abbado steals 2nd base 0-2: Ball 1-2: Ball 2-2: Ball 3-2: Base on Balls | Batting: RHB Manny Olhoa | 0-0: Ball 1-0: Foul Ball, location: 2F 1-1: Foul Ball, location: 2F 1-2: Foul Ball, location: 2F 1-2: Strikes out swinging | Top of the 5th over - 0 runs, 1 hit, 0 errors, 2 left on base; Athens 0 - Nashua 0 | BOTTOM OF THE 5TH |
---|
Nashua Redlegs batting - Pitching for Athens Assassins : RHP Rafael Reyes | Batting: RHB Ian Howard | 0-0: Ball 1-0: Ball 2-0: Called Strike 2-1: Ball 3-1: Base on Balls | Batting: RHB John Newman | 0-0: Called Strike 0-1: Swinging Strike 0-2: Fly out, F6 (Popup, 56) | Batting: RHB Jorge Valenzuela | 0-0: Ball 1-0: Called Strike 1-1: Ball 2-1: Ground out 5-3 (Groundball, 56S) Ian Howard to second | Batting: RHB António López | 0-0: SINGLE (Line Drive, 6D) Ian Howard to third | Batting: RHB José Luján | 0-0: Called Strike 0-1: SINGLE (Line Drive, 56D) Ian Howard scores António López to second Runner from 2nd tries for 3rd, SAFE, no throw | Batting: RHB Spencer Pritchett | 0-0: Ball 1-0: Fielders Choice at 2nd, 5-4 (Groundball, 56) | Bottom of the 5th over - 1 run, 2 hits, 0 errors, 2 left on base; Athens 0 - Nashua 1 | TOP OF THE 6TH |
---|
Athens Assassins batting - Pitching for Nashua Redlegs : RHP Raúl Vallejo | Batting: RHB Júlio Castillo | 0-0: Ball 1-0: Ball 2-0: Ball 3-0: Swinging Strike 3-1: Foul Ball, location: 2F 3-2: Strikes out looking | Batting: RHB Millard Long | 0-0: Foul Ball, location: 2F 0-1: Called Strike 0-2: Ball 1-2: SINGLE (Line Drive, 8RS) | Batting: RHB John Jones | 0-0: Called Strike 0-1: Ball 1-1: Called Strike 1-2: Ball 2-2: Ball 3-2: Base on Balls Millard Long to second | Batting: RHB Foster Hapgood | 0-0: Called Strike John Jones steals 2nd base Millard Long to third 0-1: Ball 1-1: Ball 2-1: Ball 3-1: Base on Balls | Batting: LHB Roy Woods | 0-0: Ball 1-0: Fly out, F7 (Flyball, 78S) Runner from 3rd tags up, SCORES, no throw | Batting: RHB Maximino Abbado | 0-0: Ball 1-0: Ball 2-0: SINGLE (Flyball, 89S) John Jones to third Foster Hapgood to second Runner from 3rd tries for Home, SAFE, no throw | Batting: RHB Don Martin | 0-0: Foul Ball, location: 2F 0-1: Ball 1-1: Ball 2-1: Ball 3-1: Base on Balls Foster Hapgood to third Maximino Abbado to second | Batting: RHB Alfonso Flores | 0-0: Fielders Choice at 2nd, 6-4 (Groundball, 6) | Top of the 6th over - 2 runs, 2 hits, 0 errors, 3 left on base; Athens 2 - Nashua 1 | BOTTOM OF THE 6TH |
---|
Nashua Redlegs batting - Pitching for Athens Assassins : RHP Rafael Reyes | Batting: RHB Manuel Pérez | 0-0: Ball 1-0: Ball 2-0: SINGLE (Flyball, 7LM) | Batting: SHB José Vélez | 0-0: Ball 1-0: Ball 2-0: Swinging Strike 2-1: DOUBLE (Line Drive, 9D) Manuel Pérez to third | Batting: RHB Bob Fitzgerald | 0-0: Called Strike 0-1: Foul Ball, location: 2F 0-2: Ball 1-2: Fly out, F9 (Flyball, 9S) Runner from 3rd tags up, SCORES, throw made | Batting: RHB Ian Howard | 0-0: Called Strike 0-1: Ball 1-1: SINGLE (Groundball, 6MD) José Vélez to third Runner from 3rd tries for Home, SAFE, no throw | Batting: RHB John Newman | 0-0: Grounds into double play, 4-6-3 (Groundball, 4M) | Bottom of the 6th over - 2 runs, 3 hits, 0 errors, 0 left on base; Athens 2 - Nashua 3 | TOP OF THE 7TH |
---|
Athens Assassins batting - Pitching for Nashua Redlegs : RHP Raúl Vallejo | Pitching: RHP Alonso Rivera | | Batting: RHB Manny Olhoa | 0-0: SINGLE (Flyball, 9S) | Pinch Hitting: LHB Brian Turner | 0-0: Ball 1-0: Ball 2-0: Ball 3-0: Called Strike 3-1: Grounds into double play, 6-4-3 (Groundball, 6) | Batting: RHB Millard Long | 0-0: Called Strike 0-1: Ball 1-1: Ball 2-1: Foul Ball, location: 2F 2-2: Ball 3-2: Strikes out swinging | Top of the 7th over - 0 runs, 1 hit, 0 errors, 0 left on base; Athens 2 - Nashua 3 | BOTTOM OF THE 7TH |
---|
Nashua Redlegs batting - Pitching for Athens Assassins : RHP Rafael Reyes | Now in RF: Brian Turner | | Batting: RHB Jorge Valenzuela | 0-0: Called Strike 0-1: Ball 1-1: Ball 2-1: Ball 3-1: Foul Ball, location: 2F 3-2: Base on Balls | Pinch Runner at 1st Jason Patrick: | | Pinch Hitting: RHB José Méndez | 0-0: Sac Bunt - play at first, batter OUT! 3-4 Jason Patrick to second | Pinch Hitting: RHB Katsuhito Ohayashi | 0-0: Intentional Walk | Batting: RHB Spencer Pritchett | 0-0: Called Strike 0-1: Ball 1-1: Ball 2-1: Foul Ball, location: 2F 2-2: Strikes out looking | Batting: RHB Manuel Pérez | 0-0: Called Strike 0-1: Foul Ball, location: 2F 0-2: Ball 1-2: SINGLE (Flyball, 89M) Jason Patrick to third Katsuhito Ohayashi to second Runner from 3rd tries for Home, SAFE, no throw | Batting: SHB José Vélez | 0-0: SINGLE (Flyball, 89S) Katsuhito Ohayashi to third Manuel Pérez to second Runner from 3rd tries for Home, SAFE, throw made home | Pitching: RHP Pablo García | | Batting: RHB Bob Fitzgerald | 0-0: Ball 1-0: Called Strike 1-1: Swinging Strike 1-2: Strikes out looking | Bottom of the 7th over - 2 runs, 2 hits, 0 errors, 2 left on base; Athens 2 - Nashua 5 | TOP OF THE 8TH |
---|
Athens Assassins batting - Pitching for Nashua Redlegs : RHP Alonso Rivera | Now in LF: Katsuhito Ohayashi | | Now in CF: Dave Warren | | Now in RF: Kyle Mann | | Batting: RHB John Jones | 0-0: Called Strike 0-1: Called Strike 0-2: Ground out 6-3 (Groundball, 6) | Batting: RHB Foster Hapgood | 0-0: Ball 1-0: Called Strike 1-1: Ball 2-1: SINGLE (Line Drive, 9S) | Batting: LHB Roy Woods | 0-0: Ball 1-0: 2-RUN HOME RUN (Flyball, 9LD), Distance : 334 ft | Pitching: LHP Emory Contreras | | Batting: RHB Maximino Abbado | 0-0: Ball 1-0: Foul Ball, location: 2F 1-1: Ball 2-1: Called Strike 2-2: Strikes out swinging, 2-3 out at first. | Batting: RHB Don Martin | 0-0: Ball 1-0: Called Strike 1-1: Ball 2-1: Called Strike 2-2: Strikes out swinging, 2-3 out at first. | Top of the 8th over - 2 runs, 2 hits, 0 errors, 0 left on base; Athens 4 - Nashua 5 | BOTTOM OF THE 8TH |
---|
Nashua Redlegs batting - Pitching for Athens Assassins : RHP Pablo García | Batting: RHB Ian Howard | 0-0: Ball 1-0: Ball 2-0: Ball 3-0: Called Strike 3-1: Called Strike 3-2: Strikes out swinging | Batting: RHB John Newman | 0-0: Ball 1-0: Called Strike 1-1: Ball 2-1: Called Strike 2-2: Ball 3-2: Foul Ball, location: 2F 3-2: Strikes out swinging | Batting: RHB Jason Patrick | 0-0: Called Strike 0-1: Foul Ball, location: 2F 0-2: Strikes out swinging | Bottom of the 8th over - 0 runs, 0 hits, 0 errors, 0 left on base; Athens 4 - Nashua 5 | TOP OF THE 9TH |
---|
Athens Assassins batting - Pitching for Nashua Redlegs : LHP Emory Contreras | Pitching: LHP Leonard Simmons | | Pinch Hitting: RHB Jake Erickson | 0-0: Ball 1-0: Ground out 6-3 (Groundball, 6) | Pinch Hitting: RHB Bill Davis | 0-0: Ball 1-0: Ball 2-0: Ball 3-0: Foul Ball, location: 2F 3-1: Swinging Strike 3-2: Foul Ball, location: 2F 3-2: Fly out, F6 (Line Drive, 56D) | Batting: LHB Brian Turner | 0-0: SINGLE (Line Drive, 89S) | Batting: RHB Millard Long | 0-0: Called Strike 0-1: Called Strike 0-2: Strikes out swinging, 2-3 out at first. | Top of the 9th over - 0 runs, 1 hit, 0 errors, 1 left on base; Athens 4 - Nashua 5 | |